 Dungeon Crawl Stone Soup version 0.20.0-8-g6b59dc7 (webtiles) character file.

24736 Monsterracer the Destroyer (level 12, -7/70 HPs)
             Began as a Deep Elf Conjurer on June 1, 2017.
             Was a High Priest of Vehumet.
             Mangled by a death yak (14 damage)
             ... on level 3 of the Lair of Beasts.
             The game lasted 01:10:36 (20193 turns).

Monsterracer the Destroyer (Deep Elf Conjurer)     Turns: 20193, Time: 01:10:37

Health: -7/70      AC: 11    Str:  2    XL:     12   Next: 83%
Magic:  24/30      EV:  2    Int: 31    God:    Vehumet [*****.]
Gold:   922        SH:  0    Dex: 28    Spells: 11/35 levels left

rFire    . . .     SeeInvis .   H - staff of cold
rCold    + + +     Gourm    .   (no shield)
rNeg     + + +     Faith    .   v - +4 skin of Zhor {rC+++}
rPois    ∞         Spirit   .   n - +0 helmet
rElec    .         Reflect  .   q - +1 cloak
rCorr    +         Harm     .   k - +0 pair of gloves
MR       +++..     Rnd*Rage +   g - +0 pair of boots
Stlth    ++++......             C - amulet of the Endless Expanse {RegenMP MR+ Dex+4}
Regen    0.3/turn               A - ring "Wiomiog" {rN+ Str+2 Int+5 Stlth+}
MPRegen  0.4/turn               t - ring of the Tormentor {rCorr MR+ Str-5 Dex+9}

@: petrified
A: hooves 1, berserk 1, poison resistance
a: Renounce Religion


You were on level 3 of the Lair of Beasts.
You worshipped Vehumet.
Vehumet was extremely pleased with you.
You were hungry.

You visited 3 branches of the dungeon, and saw 14 of its levels.
You also visited: Sewer.

You collected 922 gold pieces.

Inventory:

Armour
 g - a +0 pair of boots (worn)
 k - a +0 pair of gloves (worn)
 n - a +0 helmet (worn)
 q - a +1 cloak (worn)
 v - the +4 skin of Zhor (worn) {rC+++}
   (You found it on level 5 of the Dungeon)

   It renders you almost immune to cold.
Magical Staves
 H - an uncursed staff of cold (weapon)
Jewellery
 s - an uncursed ring of wizardry
 t - the ring of the Tormentor (right hand) {rCorr MR+ Str-5 Dex+9}
   (You took it off a centaur on level 10 of the Dungeon)

   [ring of resist corrosion]

   It affects your strength (-5).
   It affects your dexterity (+9).
   It affects your resistance to hostile enchantments.
 u - an uncursed ring of poison resistance
 A - the ring "Wiomiog" (left hand) {rN+ Str+2 Int+5 Stlth+}
   (You found it on level 7 of the Dungeon)

   [ring of stealth]

   It affects your strength (+2).
   It affects your intelligence (+5).
   It protects you from negative energy.
   It makes you more stealthy.
 C - the amulet of the Endless Expanse (around neck) {RegenMP MR+ Dex+4}
   (You found it on level 7 of the Dungeon)

   [amulet of magic regeneration]

   It increases your magic regeneration.
   It affects your dexterity (+4).
   It affects your resistance to hostile enchantments.
 G - a +1 ring of evasion
Wands
 h - a wand of lightning (12/15)
Scrolls
 b - a scroll of magic mapping
 d - 8 scrolls of remove curse
 e - 5 scrolls of identify
 f - a scroll of blinking
 p - 6 scrolls of teleportation
 y - 3 scrolls of amnesia
 D - a scroll of summoning
 E - 2 scrolls of recharging
Potions
 i - a potion of might
 l - 3 potions of agility
 m - 2 potions of brilliance
 w - 2 potions of heal wounds
 x - a potion of resistance
 z - 7 potions of flight
 F - 5 potions of curing
Comestibles
 a - 14 fruits
 c - 14 bread rations
 j - 6 meat rations
 o - 18 royal jellies


   Skills:
 + Level 6.2 Fighting
 + Level 9.7 Dodging
 - Level 2.4 Stealth
 + Level 12.1 Spellcasting
 * Level 14.2 Conjurations
 + Level 10.5 Hexes
 - Level 4.0 Translocations
 + Level 5.7 Fire Magic


You had 11 spell levels left.
You knew the following spells:

 Your Spells              Type           Power        Failure   Level  Hunger
a - Magic Dart            Conj           ####         0%          1    None
b - Searing Ray           Conj           ######       0%          2    None
c - Fulminant Prism       Conj/Hex       #######...   1%          4    None
d - Force Lance           Conj/Tloc      ######..     1%          4    None
f - Conjure Flame         Conj/Fire      ######..     1%          3    None
g - Sticky Flame          Conj/Fire      ######..     1%          4    None
h - Confuse               Hex            ######..     1%          3    None
i - Tukima's Dance        Hex            ######..     1%          3    None


Dungeon Overview and Level Annotations

Branches:
Dungeon (10/15)            Temple (1/1) D:6            Lair (3/6) D:8
 Shoals (0/4) Lair:2       Spider (0/4) Lair:2          Orc (0/2) D:9

Altars:
Ashenzari
Cheibriados
Dithmenos
Elyvilon
Fedhas
Gozag
Hepliaklqana
Kikubaaqudgha
Makhleb
Nemelex Xobeh
Okawaru
Qazlal
Ru
Sif Muna
Trog
Uskayaw
Vehumet
Xom
Yredelemnul
Zin
The Shining One
Beogh


Innate Abilities, Weirdness & Mutations

You have large cloven feet.
You tend to lose your temper in combat.
Your system is resistant to poisons. (rPois)


Message History

You feel your power returning.
Your limbs are stiffening.
You have turned to stone.
A five-headed hydra comes into view.
The death yak gores you! The death yak gores you. The death yak gores you!
The death yak gores you but does no damage.
The death yak gores you! The death yak gores you!! x2
* * * LOW HITPOINT WARNING * * *
The death yak gores you!
* * * LOW HITPOINT WARNING * * *
The death yak gores you.
* * * LOW HITPOINT WARNING * * *
You are feeling hungry.
The death yak gores you!
* * * LOW HITPOINT WARNING * * *
The death yak gores you!!
* * * LOW HITPOINT WARNING * * *
The death yak gores you!!
You die...

#.....#.# ##......## #......#.#
##......## ##......# ##.......#
#......D.### #P....YYY#.#
##.....@Y.## #)..>...##
##.......# # #........## ##
##########>.......# ####.
##.##..#P.#.......###########.#..
.................................
........(..............†÷÷.......
................................#


You could see 4 death yaks and a five-headed hydra.

Vanquished Creatures
  Fannar (Lair:3)
  2 hydras
  Harold (Lair:3)
  A catoblepas (Lair:3)
  2 two-headed ogres
  The ghost of Shinoi the Carver, a novice MiBe of Trog (D:8)
  Nergalle (Lair:3)
  3 elephants (Lair:3)
  2 black mambas
  6 spiny frogs
  A komodo dragon (Lair:1)
  A merfolk (Lair:2)
  A queen bee (Lair:2)
  2 hornets (D:9)
  A polar bear (Lair:3)
  6 hippogriffs
  A snapping turtle (Lair:2)
  3 blink frogs
  Grinder (D:4)
  A spriggan (D:9)
  A redback (Lair:2)
  5 yaks
  Eustachio (D:6)
  A hungry ghost (D:8)
  The ghost of Typee the Ruffian, an amateur DrTm (D:4)
  6 water moccasins
  5 porcupines
  3 sky beasts (D:7)
  5 orc warriors
  5 ice beasts
  A phantom (D:8)
  2 necrophages
  6 ogres
  14 wolves
  11 centaurs
  12 crocodiles
  A big kobold (D:8)
  A wyvern zombie (D:10)
  12 bullfrogs
  3 scorpions
  24 killer bees
  A wight (D:6)
  12 howler monkeys
  2 centaur zombies (D:10)
  7 crimson imps
  12 orc priests
  4 jellies
  A centaur skeleton (D:4)
  Crazy Yiuf (D:2)
  10 hounds
  18 orc wizards
  Jessica (D:2)
  Ijyb (D:5)
  2 iguanas
  A merfolk siren (Sewer)
  6 worker ants
  A merfolk avatar (Sewer)
  A hound zombie (D:6)
  2 hound skeletons (D:10)
  Robin (D:2)
  2 worker ant zombies
  16 adders
  4 gnolls (D:2)
  2 river rats
  3 shadow imps
  An adder zombie (D:9)
  2 adder skeletons
  A worm (D:4)
  3 dart slugs
  10 leopard geckos
  34 orcs
  14 giant cockroaches
  14 goblins
  6 hobgoblins
  4 jackals
  3 quokkas
  3 ball pythons
  15 bats
  4 frilled lizards
  19 kobolds
  29 rats
431 creatures vanquished.

Vanquished Creatures (others)
  52 fulminant prisms
  4 fungi
  5 plants
61 creatures vanquished.

Grand Total: 492 creatures vanquished

Notes
Turn   | Place    | Note
-------+----------+-------------------------------------------
     0 | D:1      | Monsterracer the Deep Elf Conjurer began the quest for the Orb.
     0 | D:1      | Reached XP level 1. HP: 10/10 MP: 6/6
   208 | D:1      | Reached XP level 2. HP: 15/15 MP: 3/8
   257 | D:1      | Learned a level 2 spell: Searing Ray
   744 | D:2      | Found a runed door.
   817 | D:2      | Noticed Jessica
   824 | D:2      | Reached skill level 5 in Conjurations
   824 | D:2      | Reached XP level 3. HP: 12/19 MP: 1/10
  1081 | D:2      | Killed Jessica
  1337 | D:2      | Noticed Robin
  1347 | D:2      | Reached XP level 4. HP: 24/24 MP: 8/12
  1400 | D:2      | Learned a level 4 spell: Fulminant Prism
  1405 | D:2      | Learned a level 4 spell: Force Lance
  1509 | D:2      | Killed Robin
  1843 | D:2      | Reached skill level 6 in Conjurations
  1985 | D:2      | Reached XP level 5. HP: 28/28 MP: 9/13
  2360 | D:2      | Noticed Crazy Yiuf
  2369 | D:2      | Killed Crazy Yiuf
  2509 | D:3      | Reached skill level 5 in Spellcasting
  2674 | D:3      | Gained mutation: You tend to lose your temper in combat. [potion of mutation]
  2674 | D:3      | Gained mutation: You have large cloven feet. [potion of mutation]
  2674 | D:3      | Gained mutation: Your system is resistant to poisons. (rPois) [potion of mutation]
  2702 | D:3      | Found an opulent altar of Gozag.
  2792 | D:3      | Found a glowing golden altar of the Shining One.
  2829 | D:3      | Reached skill level 1 in Hexes
  2970 | D:3      | Found a sparkling altar of Nemelex Xobeh.
  3255 | D:3      | Found a blossoming altar of Fedhas.
  3329 | D:3      | Learned a level 3 spell: Dazzling Spray
  3478 | D:4      | Found a shadowy altar of Dithmenos.
  3481 | D:4      | Noticed Grinder
  3491 | D:4      | Killed Grinder
  3491 | D:4      | Reached skill level 7 in Conjurations
  3491 | D:4      | Reached XP level 6. HP: 11/32 MP: 2/16
  3713 | D:4      | Noticed Typee's ghost (amateur DrTm)
  3723 | D:4      | Killed Typee's ghost
  3723 | D:4      | Reached XP level 7. HP: 34/36 MP: 7/18
  3853 | D:4      | Noticed a hand axe
  3853 | D:4      | Noticed a hand axe
  3856 | D:4      | Found a hide-covered altar of Uskayaw.
  3968 | D:5      | Entered Level 5 of the Dungeon
  3985 | D:5      | Noticed Ijyb
  3988 | D:5      | Killed Ijyb
  3988 | D:5      | Reached skill level 8 in Conjurations
  4157 | D:5      | Found an iron altar of Okawaru.
  4414 | D:5      | Found a bloodstained altar of Trog.
  4501 | D:5      | Found a stormy altar of Qazlal.
  4663 | D:5      | Reached skill level 1 in Translocations
  4745 | D:5      | Found a shimmering altar of Xom.
  4875 | D:5      | Reached XP level 8. HP: 41/41 MP: 16/20
  5172 | D:6      | Found a glowing drain.
  5176 | Sewer    | Entered a sewer
  5352 | Sewer    | Reached skill level 9 in Conjurations
  6102 | D:6      | Learned a level 3 spell: Dazzling Spray
  6257 | D:6      | Reached skill level 1 in Fighting
  6524 | D:6      | Noticed Eustachio
  6537 | D:6      | Killed Eustachio
  6661 | D:6      | Found a staircase to the Ecumenical Temple.
  6677 | Temple   | Entered the Ecumenical Temple
  6804 | Temple   | Became a worshipper of Vehumet
  7360 | D:6      | Reached skill level 5 in Hexes
  7408 | D:6      | Reached XP level 9. HP: 48/48 MP: 18/23
  7884 | D:7      | Reached skill level 10 in Conjurations
  8531 | D:7      | Noticed a two-headed ogre
  8548 | D:7      | Killed a two-headed ogre
  8548 | D:7      | Reached skill level 5 in Dodging
  8549 | D:7      | Reached skill level 11 in Conjurations
  8717 | D:7      | Reached XP level 10. HP: 46/56 MP: 18/25
  8781 | D:7      | Reached * piety under Vehumet
  8781 | D:7      | Offered knowledge of Sandblast by Vehumet.
  8835 | D:7      | Got a vibrating amber ring
  8836 | D:7      | Identified the ring "Wiomiog" {rN+ Str+2 Int+5 Stlth+} (You found it on level 7 of the Dungeon)
  8843 | D:7      | Got a twitching lapis lazuli ring
  8852 | D:7      | Got a scintillating ruby amulet
  8853 | D:7      | Identified the amulet of the Present {Faith Stlth+} (You found it on level 7 of the Dungeon)
  8856 | D:7      | Identified the ring "Tam Cept" {Fire *Corrode rN+ Str+6} (You found it on level 7 of the Dungeon)
  8861 | D:7      | Got a pitted silver amulet
  8886 | D:7      | Identified the amulet of the Endless Expanse {RegenMP MR+ Dex+4} (You found it on level 7 of the Dungeon)
 10054 | D:8      | Offered knowledge of Throw Frost by Vehumet.
 10054 | D:8      | Reached ** piety under Vehumet
 10458 | D:8      | Noticed Shinoi's ghost (novice MiBe)
 10744 | D:8      | Killed Shinoi's ghost
 10744 | D:8      | Reached skill level 10 in Spellcasting
 10997 | D:8      | Learned a level 3 spell: Confuse
 11002 | D:8      | Learned a level 3 spell: Tukima's Dance
 11083 | D:8      | Offered knowledge of Conjure Flame by Vehumet.
 11093 | D:8      | Learned a level 3 spell: Conjure Flame
 11227 | D:8      | Found a staircase to the Lair.
 11401 | D:9      | Reached skill level 12 in Conjurations
 11600 | D:9      | Reached *** piety under Vehumet
 11648 | D:9      | Found a glowing silver altar of Zin.
 11648 | D:9      | Noticed an angel
 12017 | D:9      | Found a staircase to the Orcish Mines.
 12028 | D:9      | Found a roughly hewn altar of Beogh.
 12031 | D:9      | Reached XP level 11. HP: 53/62 MP: 23/27
 12085 | D:9      | Offered knowledge of Sticky Flame by Vehumet.
 12204 | D:8      | Learned a level 4 spell: Sticky Flame
 12280 | D:9      | Reached skill level 1 in Fire Magic
 13025 | D:10     | Entered Level 10 of the Dungeon
 13120 | D:10     | Got an ancient chain mail
 13168 | D:10     | Identified the cursed +0 chain mail "Bimykus" {*Slow rElec Dex+6} (You found it on level 10 of the Dungeon)
 13284 | D:10     | Reached **** piety under Vehumet
 13622 | D:10     | Got a flickering silver ring
 13638 | D:10     | Identified the ring of the Tormentor {rCorr MR+ Str-5 Dex+9} (You took it off a centaur on level 10 of the Dungeon)
 13705 | D:10     | Noticed a two-headed ogre
 13715 | D:10     | Killed a two-headed ogre
 14288 | Lair:1   | Entered Level 1 of the Lair of Beasts
 14424 | Lair:1   | Offered knowledge of Venom Bolt by Vehumet.
 14541 | Lair:1   | Reached skill level 5 in Fighting
 15233 | Lair:1   | Found a snail-covered altar of Cheibriados.
 15838 | Lair:1   | Reached skill level 13 in Conjurations
 16022 | Lair:2   | Found a staircase to the Shoals.
 16197 | Lair:2   | Found a hole to the Spider Nest.
 16928 | Lair:2   | Found a basalt altar of Yredelemnul.
 16933 | Lair:2   | Lost strength.
 17185 | Lair:2   | Reached XP level 12. HP: 50/68 MP: 17/29
 18061 | Lair:3   | Noticed Nergalle
 18070 | Lair:3   | Killed Nergalle
 18198 | Lair:3   | Noticed a catoblepas
 18199 | Lair:3   | Noticed a six-headed hydra
 18349 | Lair:3   | Noticed a seven-headed hydra
 18364 | Lair:2   | Killed a seven-headed hydra
 18528 | Lair:3   | Noticed Fannar
 18549 | Lair:3   | Killed Fannar
 18672 | Lair:2   | Reached skill level 5 in Fire Magic
 18957 | Lair:3   | Reached skill level 10 in Hexes
 19014 | Lair:3   | Reached ***** piety under Vehumet
 19015 | Lair:3   | Noticed Harold
 19540 | Lair:3   | Killed a six-headed hydra
 19749 | Lair:3   | Killed Harold
 19749 | Lair:3   | Reached skill level 14 in Conjurations
 19999 | Lair:3   | Offered knowledge of Olgreb's Toxic Radiance by Vehumet.
 20172 | Lair:3   | Noticed a death yak
 20177 | Lair:3   | Noticed a death yak
 20177 | Lair:3   | Noticed a death yak
 20183 | Lair:3   | Noticed a death yak
 20184 | Lair:3   | Killed a catoblepas
 20187 | Lair:3   | Noticed a five-headed hydra
 20193 | Lair:3   | Mangled by a death yak

Skill      XL: |  1  2  3  4  5  6  7  8  9 10 11 12 |
---------------+-------------------------------------+-----
Spellcasting   | 4 5 6 7 8 9 10 11 12 | 12.1
Conjurations   | 5 6 7 8 9 11 12 13 14 | 14.2
Hexes          | 2 3 4 5 6 8 9 10 | 10.5
Translocations | 1 3 4 |  4.0
Dodging        | 4 5 7 8 9 |  9.7
Fighting       | 1 3 4 5 6 |  6.2
Fire Magic     | 4 5 |  5.7
Stealth        | |  2.4

Action                   |  1- 3 |  4- 6 |  7- 9 | 10-12 || total
-------------------------+-------+-------+-------+-------++-------
Melee: Unarmed           |       |     2 |       |       ||     2
       Staff             |       |       |       |     7 ||     7
 Cast: Magic Dart        |    49 |    76 |   180 |   234 ||   539
       Searing Ray       |     2 |    13 |    41 |   156 ||   212
       Fulminant Prism   |       |       |     7 |    45 ||    52
       Dazzling Spray    |       |       |     4 |     1 ||     5
       Force Lance       |       |       |     8 |    37 ||    45
       Conjure Flame     |       |       |       |    15 ||    15
       Confuse           |       |       |       |    18 ||    18
       Sticky Flame      |       |       |       |    14 ||    14
       Tukima's Dance    |       |       |       |     1 ||     1
  Use: Potion            |     1 |     7 |     2 |     3 ||    13
       Scroll            |       |     4 |     4 |    14 ||    22
  Eat: Chunk             |     1 |     7 |    17 |    34 ||    59
       Fruit             |       |       |       |     1 ||     1
Armor: Robe              |       |     6 |       |       ||     6
       Animal skin       |       |       |    15 |    83 ||    98
Dodge: Dodged            |     4 |    25 |    51 |   332 ||   412
Block: Other             |       |       |     1 |    16 ||    17
       Reflection        |       |       |       |     3 ||     3
